 Dungeon Crawl Stone Soup version 0.21.0-37-g46506fa (webtiles) character file.

690 tidbits the Digger (level 7, 50/51 HPs)
             Began as a Gnoll Earth Elementalist on Jan 31, 2018.
             Quit the game on level 6 of the Dungeon.
             The game lasted 00:10:00 (932 turns).

tidbits the Digger (Gnoll Earth Elementalist)        Turns: 932, Time: 00:10:01

Health: 50/51      AC:  6    Str: 10    XL:     7   Next: 63%
Magic:  15/15      EV: 15    Int: 19    God:
Gold:   203        SH:  0    Dex: 16    Spells: 11/17 levels left

rFire    . . .     SeeInvis .   a - +0 dagger
rCold    . . .     Gourm    .   (no shield)
rNeg     . . .     Faith    .   B - +1 robe
rPois    .         Spirit   .   (no helmet)
rElec    .         Reflect  .   C - +2 cloak
rCorr    .         Harm     .   (no gloves)
MR       .....                  (no boots)
Stlth    +++.......             (no amulet)
HPRegen  0.17/turn              (no ring)
MPRegen  0.14/turn              (no ring)

@: very slightly contaminated
A: distributed training, fangs 1, strong nose
a: no special abilities


You were on level 6 of the Dungeon.
You were not hungry.

You visited 1 branch of the dungeon, and saw 6 of its levels.

You collected 203 gold pieces.

Inventory:

Hand Weapons
 a - a +0 dagger (weapon)
 b - a +0 flail
 g - a +0 hunting sling
 i - a +0 mace of holy wrath
   (You found it on level 6 of the Dungeon)
 l - a +0 glaive
Missiles
 h - 54 stones (quivered)
Armour
 B - a +1 robe (worn)
 C - a +2 cloak (worn)
Potions
 d - 2 potions of flight
 f - a potion of heal wounds
 k - a potion of cancellation
Books
 e - a book of Geomancy

   Spells                             Type                      Level
   a - Sandblast                      Earth                        1
   b - Passwall                       Transmutation/Earth          2
   c - Stone Arrow                    Conjuration/Earth            3
   d - Petrify                        Transmutation/Earth          4
   e - Lee's Rapid Deconstruction     Earth                        5
Comestibles
 c - 4 rations


   Skills:
 + Level 2.5 Fighting
 + Level 2.5 Short Blades
 + Level 2.5 Long Blades
 + Level 2.5 Axes
 + Level 2.5 Maces & Flails
 + Level 2.5 Polearms
 + Level 2.5 Staves
 + Level 2.5 Slings
 + Level 2.5 Bows
 + Level 2.5 Crossbows
 + Level 2.5 Throwing
 + Level 2.5 Armour
 + Level 5.3 Dodging
 + Level 4.9 Stealth
 + Level 2.5 Shields
 + Level 2.5 Unarmed Combat
 + Level 5.6 Spellcasting
 + Level 2.1 Conjurations
 + Level 2.1 Hexes
 + Level 2.1 Charms
 + Level 2.1 Summonings
 + Level 2.1 Necromancy
 + Level 2.1 Translocations
 + Level 3.0 Transmutations
 + Level 2.1 Fire Magic
 + Level 2.1 Ice Magic
 + Level 2.1 Air Magic
 + Level 5.8 Earth Magic
 + Level 2.1 Poison Magic
 + Level 2.8 Invocations
 + Level 2.5 Evocations


You had 11 spell levels left.
You knew the following spells:

 Your Spells              Type           Power        Failure   Level  Hunger
a - Sandblast             Erth           ####..       1%          1    None
j - Stone Arrow           Conj/Erth      ###...       7%          3    ##.....
p - Passwall              Tmut/Erth      ###.......   2%          2    None


Dungeon Overview and Level Annotations

Branches:
Dungeon (6/15)
 Temple: D:4-7

Altars:
Okawaru
Sif Muna
Xom

Annotations:
D:3 Terence


Innate Abilities, Weirdness & Mutations

Your experience applies equally to all skills.
You have very sharp teeth.
Your uncanny sense of smell can sniff out nearby items.


Message History

You hit the adder.
The adder is moderately wounded.
The adder misses you. The jackal completely misses you.
You miss the adder.
The adder is moderately wounded.
The adder misses you. The jackal closely misses you. x2
The adder completely misses you.
You hit the adder. Your bite misses the adder.
The adder is moderately wounded.
The jackal completely misses you. The adder completely misses you.
You closely miss the adder.
The adder is moderately wounded.
The jackal misses you. The adder barely misses you.
You hit the adder but do no damage. Your bite misses the adder.
The adder is moderately wounded.
The jackal misses you.
You hit the orc.
The orc is heavily wounded.
The jackal misses you. The jackal completely misses you. The orc misses you.
You catch the helpless orc completely off-guard!
You impale the orc!!
You kill the orc!
The jackal closely misses you.
The adder hisses angrily.
You hit the jackal.
The jackal is heavily wounded.
You closely miss the jackal.
The jackal is moderately wounded.
The jackal barely misses you. The jackal completely misses you.
The adder hisses angrily.
The orc closely misses you.
Items here: )) [ †† a trident; a hand axe; a plate armour; an orc corpse x2
You hit the jackal.
The jackal is heavily wounded.
The orc barely misses you.
The jackal barks!
You hit the jackal but do no damage.
The jackal is heavily wounded.
The adder hisses angrily.
The jackal closely misses you. The orc misses you.
You catch the helpless jackal completely off-guard!
You impale the jackal!!
You kill the jackal!
Your Transmutations skill increases to level 3!
You strike the helpless orc from behind!
You impale the orc!!
You kill the orc!
You catch the helpless adder completely off-guard!
You puncture the adder!
You kill the adder!
You see here a jackal corpse.
You flicker for a moment.
You see here 21 gold pieces.
You now have 203 gold pieces (gained 21).
You flicker back into view.
You found a teleport trap!
Really walk into that teleport trap? [Y]es or [N]o only, please.
Really walk into that teleport trap? [Y]es or [N]o only, please.
Really walk into that teleport trap?
Okay, then.
Really walk into that teleport trap?
You enter a teleport trap!
The teleport trap disappears.
Your surroundings suddenly seem different.
A bullfrog zombie comes into view.
You enter the shallow water.
Moving in this stuff is going to be slow.
Found 23 stones.
You see here 23 stones.
h - 56 stones (gained 23)
Found a glowing mace.
A bullfrog comes into view.
The bullfrog croaks.
You see here a glowing mace.
Casting: Sandblast
Confirm with . or Enter, or press ? or * to list all spells.
Aiming: Sandblast
Press: ? - help, Shift-Dir - straight line, f - bullfrog
Aim: a bullfrog The blast of sand hits the bullfrog.
The bullfrog is almost dead.
h - 55 stones The bullfrog hits you.
The bullfrog closely misses you.
Casting: Sandblast
Confirm with . or Enter, or press ? or * to list all spells.
Aiming: Sandblast
Press: ? - help, Shift-Dir - straight line, f/p - bullfrog
Aim: a bullfrog (almost dead)
The blast of sand hits the bullfrog.
You kill the bullfrog!
h - 54 stones
i - a glowing mace You see here a bullfrog corpse.
You feel a little less agile now.
Magic restored.
Okay, then.
Okay, then.
Are you sure you want to abandon this character and quit the game? (Confirm with "yes".)

#####.# #.#
#.# #.# #.#
#.# #.#
#######
#######.#
##.....#
#.....@.#
##.....#
#.#######
†......#
##.....####.#
##..........#
#############
# # #


There were no monsters in sight!

Vanquished Creatures
  Grinder (D:3)
  An orc warrior (D:6)
  An ogre (D:4)
  A bullfrog (D:6)
  A crimson imp (D:5)
  6 worker ants
  A hound skeleton (D:4)
  2 adders
  A gnoll (D:3)
  A shadow imp (D:5)
  An adder zombie (D:5)
  A worm (D:4)
  A dart slug (D:3)
  A leopard gecko (D:4)
  4 orcs
  2 bats (D:3)
  A giant cockroach (D:4)
  2 goblins
  A hobgoblin (D:3)
  6 jackals
  2 kobolds
  A ball python (D:4)
  2 rats
41 creatures vanquished.

Notes
Turn   | Place    | Note
-------+----------+-------------------------------------------
     0 | D:1      | tidbits the Gnoll Earth Elementalist began the quest for the Orb.
     0 | D:1      | Reached XP level 1. HP: 13/13 MP: 6/6
    94 | D:3      | Reached skill level 2 in Transmutations
   107 | D:3      | Reached XP level 2. HP: 14/19 MP: 2/7
   142 | D:2      | Found a shimmering altar of Xom.
   142 | D:2      | Found a deep blue altar of Sif Muna.
   176 | D:3      | Reached XP level 3. HP: 25/25 MP: 6/9
   180 | D:3      | Learned a level 2 spell: Passwall
   227 | D:3      | Reached skill level 5 in Spellcasting
   284 | D:3      | Noticed Grinder
   297 | D:3      | Killed Grinder
   297 | D:3      | Reached skill level 1 in Fighting
   297 | D:3      | Reached skill level 1 in Short Blades
   297 | D:3      | Reached skill level 1 in Long Blades
   297 | D:3      | Reached skill level 1 in Axes
   297 | D:3      | Reached skill level 1 in Maces & Flails
   297 | D:3      | Reached skill level 1 in Polearms
   297 | D:3      | Reached skill level 1 in Staves
   297 | D:3      | Reached skill level 1 in Slings
   297 | D:3      | Reached skill level 1 in Bows
   297 | D:3      | Reached skill level 1 in Crossbows
   297 | D:3      | Reached skill level 1 in Throwing
   297 | D:3      | Reached skill level 1 in Armour
   297 | D:3      | Reached skill level 1 in Shields
   297 | D:3      | Reached skill level 1 in Unarmed Combat
   297 | D:3      | Reached skill level 1 in Conjurations
   297 | D:3      | Reached skill level 1 in Hexes
   297 | D:3      | Reached skill level 1 in Charms
   297 | D:3      | Reached skill level 1 in Summonings
   297 | D:3      | Reached skill level 1 in Necromancy
   297 | D:3      | Reached skill level 1 in Translocations
   297 | D:3      | Reached skill level 1 in Fire Magic
   297 | D:3      | Reached skill level 1 in Ice Magic
   297 | D:3      | Reached skill level 1 in Air Magic
   297 | D:3      | Reached skill level 1 in Poison Magic
   297 | D:3      | Reached skill level 1 in Invocations
   297 | D:3      | Reached skill level 1 in Evocations
   297 | D:3      | Reached XP level 4. HP: 12/33 MP: 0/11
   297 | D:3      | Reached XP level 5. HP: 14/38 MP: 0/12
   393 | D:4      | Reached XP level 6. HP: 27/44 MP: 6/13
   399 | D:4      | Learned a level 3 spell: Stone Arrow
   459 | D:4      | Reached skill level 2 in Invocations
   470 | D:4      | Found an iron altar of Okawaru.
   485 | D:4      | Reached skill level 2 in Fighting
   485 | D:4      | Reached skill level 2 in Short Blades
   485 | D:4      | Reached skill level 2 in Long Blades
   485 | D:4      | Reached skill level 2 in Axes
   485 | D:4      | Reached skill level 2 in Maces & Flails
   485 | D:4      | Reached skill level 2 in Polearms
   485 | D:4      | Reached skill level 2 in Staves
   485 | D:4      | Reached skill level 2 in Slings
   485 | D:4      | Reached skill level 2 in Bows
   485 | D:4      | Reached skill level 2 in Crossbows
   485 | D:4      | Reached skill level 2 in Throwing
   485 | D:4      | Reached skill level 2 in Armour
   485 | D:4      | Reached skill level 5 in Dodging
   485 | D:4      | Reached skill level 2 in Shields
   485 | D:4      | Reached skill level 2 in Unarmed Combat
   485 | D:4      | Reached skill level 2 in Evocations
   630 | D:3      | Noticed Terence
   671 | D:5      | Entered Level 5 of the Dungeon
   688 | D:5      | Reached XP level 7. HP: 45/50 MP: 2/15
   863 | D:6      | Reached skill level 2 in Conjurations
   863 | D:6      | Reached skill level 2 in Hexes
   863 | D:6      | Reached skill level 2 in Charms
   863 | D:6      | Reached skill level 2 in Summonings
   863 | D:6      | Reached skill level 2 in Necromancy
   863 | D:6      | Reached skill level 2 in Translocations
   863 | D:6      | Reached skill level 2 in Fire Magic
   863 | D:6      | Reached skill level 2 in Ice Magic
   863 | D:6      | Reached skill level 2 in Air Magic
   863 | D:6      | Reached skill level 2 in Poison Magic
   876 | D:6      | Reached skill level 3 in Transmutations
   932 | D:6      | Quit the game

Skill      XL: |  1  2  3  4  5  6  7 |
---------------+----------------------+-----
Transmutations | 2 3 |  3.0
Spellcasting   | 5 |  5.6
Fighting       | 1 2 |  2.5
Short Blades   | 1 2 |  2.5
Long Blades    | 1 2 |  2.5
Axes           | 1 2 |  2.5
Maces & Flails | 1 2 |  2.5
Polearms       | 1 2 |  2.5
Staves         | 1 2 |  2.5
Slings         | 1 2 |  2.5
Bows           | 1 2 |  2.5
Crossbows      | 1 2 |  2.5
Throwing       | 1 2 |  2.5
Armour         | 1 2 |  2.5
Shields        | 1 2 |  2.5
Unarmed Combat | 1 2 |  2.5
Conjurations   | 1 2 |  2.1
Hexes          | 1 2 |  2.1
Charms         | 1 2 |  2.1
Summonings     | 1 2 |  2.1
Necromancy     | 1 2 |  2.1
Translocations | 1 2 |  2.1
Fire Magic     | 1 2 |  2.1
Ice Magic      | 1 2 |  2.1
Air Magic      | 1 2 |  2.1
Poison Magic   | 1 2 |  2.1
Invocations    | 1 2 |  2.8
Evocations     | 1 2 |  2.5
Dodging        | 5 |  5.3
Stealth        | |  4.9
Earth Magic    | |  5.8

Action                   |  1- 3 |  4- 6 |  7- 9 || total
-------------------------+-------+-------+-------++-------
Melee: Dagger            |     2 |     7 |    26 ||    35
       Flail             |       |     2 |       ||     2
       Bite              |       |     1 |     1 ||     2
 Cast: Sandblast         |    17 |    31 |     9 ||    57
       Passwall          |     4 |     6 |       ||    10
  Use: Potion            |     2 |       |     2 ||     4
       Scroll            |     2 |     4 |     2 ||     8
 Stab: Sleeping          |     1 |     3 |     3 ||     7
       Invisible         |       |       |     7 ||     7
Armor: Robe              |     2 |     4 |     6 ||    12
Dodge: Dodged            |     5 |    19 |    46 ||    70

Table legend:
 A = Turns spent in this place as a percentage of turns spent in the entire game.
 B = Non-inter-level travel turns spent in this place as a percentage of non-inter-level travel turns spent in the entire game.
 C = Inter-level travel turns spent in this place as a percentage of turns spent in this place.
 D = Turns resting spent in this place as a percentage of non-inter-level travel turns spent in this place.
 E = Turns spent auto-exploring this place as a percentage of non-inter-level travel turns spent in this place.
 F = Non-inter-level travel turns spent in this place divided by the number of levels of this place that you've seen.
                   A       B       C       D       E      F
               +-------+-------+-------+-------+-------+----------------------
         Total | 100.0 | 100.0 |   0.0 |   0.0 |   0.0 | 155.3
       Dungeon | 100.0 | 100.0 |   0.0 |   0.0 |   0.0 | 155.3
               +-------+-------+-------+-------+-------+----------------------

Table legend:
 A = Kills in this place as a percentage of kills in entire the game.
 B = Kills by you in this place as a percentage of kills by you in the entire game.
 C = Kills by friends in this place as a percentage of kills by friends in the entire game.
 D = Other kills in this place as a percentage of other kills in the entire game.
 E = Experience gained in this place as a percentage of experience gained in the entire game.
 F = Experience gained in this place divided by the number of levels of this place that you have seen.
                   A       B       C       D       E      F
               +-------+-------+-------+-------+-------+----------------------
         Total | 100.0 | 100.0 |   N/A |   N/A | 100.0 | 164.3
       Dungeon | 100.0 | 100.0 |   N/A |   N/A | 100.0 | 164.3
               +-------+-------+-------+-------+-------+----------------------

Vault maps used:
D:1:      lightli_iron_boxes
D:2:      gammafunk_temple_overflow_elements, lemuel_round_altar,
          nemelex_lonely_heart_becter
D:3:      minmay_misc_feat_more_columns, fedhas_altar_fruit_tree, uniq_sigmund,
          uniq_terence, uniq_grinder
D:4:      cheibrodos_greedy_goblins, okawaru_gym_becter
D:5:      first_ration, kennysheep_generic_room_15, uniq_crazy_yiuf_cottage,
          uniq_blork_the_orc
D:6:      lemuel_slime, zin_treasury, lemuel_old_faithful, uniq_duvessa
